 Dungeon Crawl Stone Soup version 0.29.1-1-gd02db6906a (webtiles) character file.

Game seed: 16614174061717109300

39 Sabo the Gusty (level 3, -6/21 HPs)
             Began as an Octopode Air Elementalist on Oct 5, 2022.
             Was a Believer of Uskayaw.
             Mangled by Sigmund
             ... wielding a +0 scythe
              (7 damage)
             ... on level 2 of the Dungeon.
             The game lasted 00:11:22 (1928 turns).

Sabo the Gusty (Octopode Air Elementalist)          Turns: 1928, Time: 00:11:23

Health: -6/21      AC:  1    Str:  7    XL:     3   Next: 47%
Magic:  3/6        EV: 13    Int: 19    God:    Uskayaw [**....]
Gold:   29         SH:  0    Dex: 12    Spells: 5/6 levels left

rFire   . . .      SeeInvis .   e - +0 short sword
rCold   . . .      Faith    .   j - orb {light}
rNeg    . . .      Spirit   .   (helmet restricted)
rPois   .          Reflect  .   (no amulet)
rElec   .          Harm     .   g - ring of flight
rCorr   .          Rampage  .   (no ring)
Will    .....                   (no ring)
Stlth   ++........              (no ring)
HPRegen 0.07/turn               (no ring)
MPRegen 0.10/turn               (no ring)
                                (no ring)
                                (no ring)

@: flying, very slightly contaminated, glowing
A: almost no armour, amphibious, 8 rings, camouflage 1, gelatinous body 1,
(nimble swimmer 1), tentacles
a: Renounce Religion, Stomp, Line Pass


You were on level 2 of the Dungeon.
You worshipped Uskayaw.
Uskayaw was noncommittal.
You visited 1 branch of the dungeon, and saw 2 of its levels.

You collected 29 gold pieces.

Inventory:

Hand Weapons
 e - a +0 short sword (weapon)
Missiles
 i - 5 boomerangs (quivered)
Armour
 j - an orb of light (worn)
Jewellery
 g - a ring of flight (left tentacle)
Scrolls
 b - a scroll of vulnerability {unknown}
 f - a scroll of magic mapping {unknown}
Potions
 a - a potion of magic
 c - a potion of attraction {unknown}
 d - 2 potions of degeneration {unknown}
 h - a potion of curing {unknown}


   Skills:
 + Level 0.1 Fighting
 + Level 2.1 Dodging
 + Level 3.0 Stealth
 + Level 2.3 Spellcasting
 + Level 1.3 Conjurations
 + Level 3.8 Air Magic


You had 5 spell levels left.
You knew the following spells:

 Your Spells              Type           Power      Damage    Failure   Level
a - Shock                 Conj/Air       48%        1d6       5%          1

Your spell library contained the following spells:

 Spells                   Type           Power      Damage    Failure   Level
 Static Discharge         Conj/Air       12%        3-5/arc   9%          2
 Swiftness                Air            16%        N/A       11%         3
 Airstrike                Air            8%         2d(2-18)  34%         4


Dungeon Overview and Level Annotations

Branches:
Dungeon (2/15)

Altars:
Uskayaw

Annotations:
D:2 Sigmund


Innate Abilities, Weirdness & Mutations

You cannot wear most types of armour.
You are amphibious.
You can wear up to eight rings at the same time.
Your skin changes colour to match your surroundings (Stealth+).
Your rubbery body absorbs attacks. (AC +1, EV +1)
((You are camouflaged when in or above water. (Stealth+)))
You have tentacles for arms and can constrict up to eight enemies at once.


Message History

Found a robe.
Sigmund the Dreaded comes into view.
He is wielding a +0 scythe.
Sigmund shouts!
There is an open door here.
Found a robe.
Sigmund hits you with a +0 scythe!
Casting: Shock (safe; 5% risk of failure)
Confirm with . or Enter, or press ? or * to list all spells.
Aiming: Shock (safe; 5% risk of failure)
Press: ? - help, Shift-Dir - straight line, f - Sigmund
Aim: Sigmund, wielding a +0 scythe and wearing a +0 robe (haloed, 77% to hit)
The zap hits Sigmund.
Sigmund is lightly wounded.
Sigmund hits you with a +0 scythe.
Casting: Shock (safe; 5% risk of failure)
Confirm with . or Enter, or press ? or * to list all spells.
Aiming: Shock (safe; 5% risk of failure)
Press: ? - help, Shift-Dir - straight line, f/p - Sigmund
Aim: Sigmund, wielding a +0 scythe and wearing a +0 robe (lightly wounded, haloed, 77% to hit)
The zap hits Sigmund.
Sigmund is moderately wounded.
Casting: Shock (safe; 5% risk of failure)
Confirm with . or Enter, or press ? or * to list all spells.
Aiming: Shock (safe; 5% risk of failure)
Press: ? - help, Shift-Dir - straight line, f/p - Sigmund
Aim: Sigmund, wielding a +0 scythe and wearing a +0 robe (moderately wounded, haloed, 77% to hit)
You miscast Shock.
You are very lightly contaminated with residual magic.
Nothing appears to happen.
Sigmund closely misses you.
You hit Sigmund but do no damage. Your grab misses Sigmund.
Sigmund is moderately wounded.
Sigmund hits you with a +0 scythe!
* * * LOW HITPOINT WARNING * * *
You hit Sigmund. You grab Sigmund.
Sigmund is heavily wounded.
You constrict Sigmund, but do no damage.
You can now pass through a line of other dancers.
You hit Sigmund but do no damage.
Sigmund is heavily wounded.
You constrict Sigmund. Sigmund hits you with a +0 scythe!
You die...

#........#.#)#
#............#
#####..#####.#...#
#..........#.###.#
#..).......#.....# #
#............#######.#
##...................#
##..........##.......
#..........'@......[
#..........##@......
#..........# ....[..
############ #######


You could see Sigmund.

Vanquished Creatures
  3 bats
  An endoplasm (D:1)
  5 goblins (D:1)
  4 hobgoblins (D:1)
  7 jackals
  3 quokkas (D:1)
  2 ball pythons (D:1)
  A frilled lizard (D:1)
  4 kobolds
  5 rats (D:1)
35 creatures vanquished.

Notes
Turn   | Place    | Note
-------+----------+-------------------------------------------
     0 | D:1      | Sabo the Octopode Air Elementalist began the quest for the
                  | Orb.
     0 | D:1      | Reached XP level 1. HP: 11/11 MP: 3/3
   384 | D:1      | Reached XP level 2. HP: 17/17 MP: 1/5
   874 | D:1      | Found a faded altar of an unknown god.
   874 | D:1      | Noticed a crimson imp
   888 | D:1      | Prayed at the altar of an unknown god.
   888 | D:1      | Became a worshipper of Uskayaw the Reveller
   888 | D:1      | Reached * piety under Uskayaw
  1158 | D:1      | Reached ** piety under Uskayaw
  1297 | D:1      | Reached XP level 3. HP: 20/21 MP: 1/6
  1921 | D:2      | Noticed Sigmund
  1926 | D:2      | HP: 1/21 [Sigmund/+0 scythe (7)]
  1928 | D:2      | Mangled by Sigmund

Illustrated notes

Levels and vault maps discovered:
D:1:      minmay_arrival_glassed_features, layout_loops_cross,
          dreamdust_ecumenical_altar_sealed_demon, supply_closet_lemuel,
          nrook_uturn
D:2:      layout_basic, chequers_serial_rivers_micro_c, hex_tiny, uniq_sigmund,
          uniq_natasha

Skill      XL: |  1  2  3 |
---------------+----------+-----
Stealth        | 3 |  3.0
Fighting       | |  0.1
Dodging        | |  2.1
Spellcasting   | |  2.3
Conjurations   | |  1.3
Air Magic      | |  3.8

Action                   || total
-------------------------++-------
Melee: Club              ||     5
       Unarmed           ||     4
       Constrict         ||    12
       Tentacles         ||     6
       Punch             ||     1
       Short sword       ||    24
 Cast: Shock             ||    54
Armor: Skin              ||     1
Dodge: Dodged            ||    26
